 Dungeon Crawl Stone Soup version 0.30-a0-777-ga9a30cbeda (webtiles) character file.

Game seed: 11910395146361596251

63 bande the Trooper (level 4, -2/29 HPs)
             Began as a Gargoyle Fighter on Feb 15, 2023.
             Slain by a gnoll
             ... wielding a +0 halberd
              (8 damage)
             ... on level 2 of the Dungeon.
             The game lasted 00:02:18 (1917 turns).

bande the Trooper (Gargoyle Fighter)                Turns: 1917, Time: 00:02:18

Health: -2/29      AC: 18    Str: 19    XL:     4   Next: 9%
Magic:  4/4        EV:  3    Int:  9    God:
Gold:   85         SH: 12    Dex: 11    Spells: 3/3 levels left

rFire   . . .      SeeInvis .    a - +0 war axe
rCold   . . .      Faith    .    i - +0 tower shield
rNeg    + . .      Spirit   .    f - +0 chain mail
rPois   ∞          Reflect  .    p - +0 helmet
rElec   +          Harm     .    (no cloak)
rCorr   .          Rampage  .    (no gloves)
Will    .....                    (no boots) Stlth
                                 (no amulet)
HPRegen 0.24/turn                b - +4 ring of protection
MPRegen 0.09/turn                (no ring)

@: no status effects
A: sickness immunity, AC +3, negative energy resistance 1, electricity
resistance, torment resistance 1, petrification resistance
a: no special abilities


You were on level 2 of the Dungeon.
You visited 1 branch of the dungeon, and saw 2 of its levels.

You collected 85 gold pieces.

Inventory:

Hand Weapons
 a - a +0 war axe (weapon)
Armour
 f - a +0 chain mail (worn)
 i - a +0 tower shield (worn)
 p - a +0 helmet (worn)
Jewellery
 b - a +4 ring of protection (left hand)
 g - an amulet of magic regeneration
Scrolls
 h - a scroll of identify
Potions
 d - a potion of might
 e - a potion of resistance {unknown}
 j - 2 potions of curing {unknown}
 l - a potion of attraction {unknown}
 m - 2 potions of heal wounds
 n - a potion of berserk rage {unknown}


   Skills:
 + Level 3.9 Fighting
 + Level 2.7 Axes
 + Level 3.8 Armour
 + Level 3.6 Shields


You had 3 spell levels left.
You didn't know any spells.
Your spell library contained the following spells:

 Spells                   Type           Power      Damage    Failure   Level
 Sandblast                Erth           0%         2d4       100%        1
 Passwall                 Tmut/Erth      0%         N/A       100%        2
 Stone Arrow              Conj/Erth      0%         3d7       100%        3
 Anguish                  Hex/Necr       0%         N/A       100%        4
 Enfeeble                 Hex            0%         N/A       100%        7


Dungeon Overview and Level Annotations

Branches:
Dungeon (2/15)

Altars:


Innate Abilities, Weirdness & Mutations

You are immune to sickness and miasma.
Your stone body is resilient. (AC +3)
You are immune to poison.
You resist negative energy. (rN+)
You are resistant to electric shocks. (rElec)
You are resistant to unholy torment.
You are immune to petrification.


Message History

The gnoll barely misses you. You block the gnoll's attack.
Unknown command.
You hit the gnoll.
The gnoll is moderately wounded.
You barely miss the gnoll. x2; You block the gnoll's attack. x2
The gnoll hits you with a +0 whip. The gnoll hits you with a +0 spear.
You block the gnoll's attack. The gnoll hits you but does no damage.
Unknown command.
You barely miss the gnoll.
The gnoll is moderately wounded.
You hit the gnoll. You closely miss the gnoll.
The gnoll hits you with a +0 halberd! The gnoll hits you with a +0 whip.
* * * LOW HITPOINT WARNING * * *
The gnoll hits you but does no damage.
You barely miss the gnoll.
The gnoll is moderately wounded.
You hit the gnoll but do no damage. You slash the gnoll!
The gnoll hits you but does no damage. x2; You block the gnoll's attack.
The gnoll hits you but does no damage. You block the gnoll's attack.
The gnoll hits you but does no damage.
Unknown command.
Unknown command.
You hit the gnoll but do no damage.
The gnoll is moderately wounded.
You closely miss the gnoll. You hit the gnoll. You block the gnoll's attack. x3
The gnoll hits you but does no damage. x3
Unknown command.
You slash the gnoll!
The gnoll is almost dead.
You barely miss the gnoll. You closely miss the gnoll.
You block the gnoll's attack. The gnoll hits you but does no damage.
You block the gnoll's attack. The gnoll hits you but does no damage.
The gnoll barely misses you. The gnoll hits you but does no damage.
Unknown command.
You barely miss the gnoll.
The gnoll is almost dead.
You barely miss the gnoll. You hit the gnoll.
You kill the gnoll!
The gnoll hits you with a +0 halberd!
You die...

####### ######
#.....#
#....#######[....#
#.$..'...........#
#...>#######.#####
#....# #.# #...)#
#.# #..@.# #.#
#.gg.# #.# #..$.#
#.# ......# #.#
#..#.###
###.####### ....#.
###..........
#.#..#.
..............
.... #.
...##.#...##### ..
+...........


You could see 2 gnolls.

Vanquished Creatures
  2 gnolls (D:2)
  2 worms (D:2)
  4 ball pythons
  A bat (D:1)
  2 giant cockroaches (D:2)
  2 goblins (D:1)
  5 hobgoblins
  13 jackals
  2 kobolds (D:1)
  2 quokkas (D:1)
  A frilled lizard (D:1)
  5 rats
41 creatures vanquished.

Notes
Turn   | Place    | Note
-------+----------+-------------------------------------------
     0 | D:1      | bande the Gargoyle Fighter began the quest for the Orb.
     0 | D:1      | Reached XP level 1. HP: 14/14 MP: 1/1
   256 | D:1      | Reached XP level 2. HP: 19/19 MP: 2/2
  1340 | D:2      | Reached XP level 3. HP: 24/24 MP: 3/3
  1909 | D:2      | Reached XP level 4. HP: 27/29 MP: 4/4
  1917 | D:2      | Slain by a gnoll

Illustrated notes

Levels and vault maps discovered:
D:1:      matt_arrival_spirals, layout_basic
D:2:      layout_basic, chequers_serial_rivers_room_b

Skill      XL: |  1  2 |
---------------+-------+-----
Axes           | 2 |  2.7
Fighting       | |  3.9
Armour         | |  3.8
Shields        | |  3.6

Action                     |  1- 3 |  4- 6 || total
---------------------------+-------+-------++-------
  Melee: War axe           |   114 |     8 ||   122
    Use: Scroll            |     4 |       ||     4
 Armour: Scale mail        |     9 |       ||     9
         Chain mail        |    83 |    16 ||    99
  Dodge: Dodged            |    50 |     3 ||    53
  Block: Buckler           |    31 |       ||    31
         Tower shield      |     2 |    16 ||    18

Table legend: (Time is in decaauts)
 A = Elapsed time spent in this place.
 B = Non-inter-level travel time spent in this place.
 C = Inter-level travel time spent in this place.
 D = Time resting spent in this place.
 E = Time spent auto-exploring this place.
 F = Levels seen in this place.
 G = Mean time per level.
                   A        B        C        D        E       F      G
               +--------+--------+--------+--------+--------+-----+--------+
         Total |   1974 |   1780 |    194 |    131 |   1288 |   2 |  987.0 |
       Dungeon |   1974 |   1780 |    194 |    131 |   1288 |   2 |  987.0 |
               +--------+--------+--------+--------+--------+-----+--------+

Top non-repeatable levels by time:
     D:1: 1269 daAuts
     D:2: 705 daAuts
